Workbook

Sheet comp 2019 2018
A1: Référence | B1: Libellé | C1: RESP | E1: 2019 | F1: 2018 | G1: DELTA 2019-2018 | H1: DELTA% | I1: % on Total | J1: cum % | K1: REDUCTION % | L1: SAVINGS/YEAR | N1: SAVING/MONTH
E2: =SUM(E3:E698) -> 0 | F2: =SUM(F3:F698) -> 15989417 | L2: =SUM(L3:L698) -> 0 | M2: =+L2/E2 -> #DIV/0! | N2: =+L2/12 -> 0
A3: F4701_SK | B3: DELTRIAN SLOVAKIA SRO | C3: SZ | D3: MARCH FILTRES | F3: 2451288.4 | G3: =+E3-F3 -> -2451288.4 | H3: =+G3/F3 -> -1 | I3: =+E3/$E$2 -> #DIV/0! | J3: =I3 -> #DIV/0! | K3: 0.01 | L3: =+E3*K3 -> 0 | N3: =+L3/12 -> 0
A4: F3229_TU | B4: MIKROPOR- COMP. CLIENT | C4: SZ | D4: MARCH FILTRES | F4: 2410932 | G4: =+E4-F4 -> -2410932 | H4: =+G4/F4 -> -1 | I4: =+E4/$E$2 -> #DIV/0! | J4: =J3+I4 -> #DIV/0! | K4: 0.01 | L4: =+E4*K4 -> 0 | N4: =+L4/12 -> 0
A5: F3216_BE | B5: ENERGY TEAM /* | C5: BM | D5: MANPOWER | F5: 1165701.3 | G5: =+E5-F5 -> -1165701.3 | H5: =+G5/F5 -> -1 | I5: =+E5/$E$2 -> #DIV/0! | J5: =J4+I5 -> #DIV/0! | N5: =+L5/12 -> 0 | O5: FERMER ENERGY TEAM -QUID ECONOMIES
A6: F4803_BE | B6: ATTENTIA CHARLEROI ASBL | C6: BM | D6: MANPOWER | F6: 882435.82 | G6: =+E6-F6 -> -882435.82 | H6: =+G6/F6 -> -1 | I6: =+E6/$E$2 -> #DIV/0! | J6: =J5+I6 -> #DIV/0! | N6: =+L6/12 -> 0
A7: F5301_NL | B7: FILTRAIR | C7: SZ | D7: MARCH FILTRES | F7: 548542.62 | G7: =+E7-F7 -> -548542.62 | H7: =+G7/F7 -> -1 | I7: =+E7/$E$2 -> #DIV/0! | J7: =J6+I7 -> #DIV/0! | K7: 0.02 | L7: =+E7*K7 -> 0 | N7: =+L7/12 -> 0
A8: F5293_IT | B8: F & F S.R.L. | C8: SZ | D8: MARCH FILTRES | F8: 625745.77 | G8: =+E8-F8 -> -625745.77 | H8: =+G8/F8 -> -1 | I8: =+E8/$E$2 -> #DIV/0! | J8: =J7+I8 -> #DIV/0! | K8: 0.02 | L8: =+E8*K8 -> 0 | N8: =+L8/12 -> 0
A9: F4900_BE | B9: C.A.R.P. | C9: BM | D9: MARCH FILTRES | F9: 321417.22 | G9: =+E9-F9 -> -321417.22 | H9: =+G9/F9 -> -1 | I9: =+E9/$E$2 -> #DIV/0! | J9: =J8+I9 -> #DIV/0! | K9: 0.02 | L9: =+E9*K9 -> 0 | N9: =+L9/12 -> 0
A10: F5659_CN | B10: AGC LIGHTING CO. LTD | C10: SZ | D10: MARCH LED | F10: 253657.49 | G10: =+E10-F10 -> -253657.49 | H10: =+G10/F10 -> -1 | I10: =+E10/$E$2 -> #DIV/0! | J10: =J9+I10 -> #DIV/0! | K10: 0.03 | L10: =+K10*E10 -> 0 | N10: =+L10/12 -> 0
A11: F4133_DE | B11: CARUSO GMBH | C11: SZ | D11: MARCH FILTRES | F11: 227904.4 | G11: =+E11-F11 -> -227904.4 | H11: =+G11/F11 -> -1 | I11: =+E11/$E$2 -> #DIV/0! | J11: =J10+I11 -> #DIV/0! | K11: 0.02 | L11: =+E11*K11 -> 0 | N11: =+L11/12 -> 0
A12: F5578_CN | B12: SHINELONG LED LIGHTING CO. LTD | C12: SZ | D12: MARCH LED | F12: 207350.1 | G12: =+E12-F12 -> -207350.1 | H12: =+G12/F12 -> -1 | I12: =+E12/$E$2 -> #DIV/0! | J12: =J11+I12 -> #DIV/0! | K12: 0.03 | L12: =+K12*E12 -> 0 | N12: =+L12/12 -> 0
A13: F4823_BE | B13: VAN MIEGHEM LOGISTICS SA | C13: CW | D13: TRANSPORT | F13: 294743.07 | G13: =+E13-F13 -> -294743.07 | H13: =+G13/F13 -> -1 | I13: =+E13/$E$2 -> #DIV/0! | J13: =J12+I13 -> #DIV/0! | K13: 0.05 | L13: =K13*E13 -> 0 | N13: =+L13/12 -> 0
A14: F2188_BE | B14: RANDSTAD INTERIM /* | C14: CW | D14: INTERIM | F14: 280304.46 | G14: =+E14-F14 -> -280304.46 | H14: =+G14/F14 -> -1 | I14: =+E14/$E$2 -> #DIV/0! | J14: =J13+I14 -> #DIV/0! | K14: 0.05 | L14: =+K14*E14 -> 0 | N14: =+L14/12 -> 0
A15: F5251_IT | B15: AEROGLASS FILTRI SRL | C15: SZ | D15: MARCH FILTRES | F15: 186552.29 | G15: =+E15-F15 -> -186552.29 | H15: =+G15/F15 -> -1 | I15: =+E15/$E$2 -> #DIV/0! | J15: =J14+I15 -> #DIV/0! | K15: 0.02 | L15: =+E15*K15 -> 0 | N15: =+L15/12 -> 0
A16: F5168_GB | B16: DORICANDERTON | C16: SZ | D16: MARCH FILTRES | F16: 237497.64 | G16: =+E16-F16 -> -237497.64 | H16: =+G16/F16 -> -1 | I16: =+E16/$E$2 -> #DIV/0! | J16: =J15+I16 -> #DIV/0! | K16: 0.02 | L16: =+E16*K16 -> 0 | N16: =+L16/12 -> 0
A17: F2115_BE | B17: BRAINSTORMING /* | C17: JK | D17: INFORMATIQUE | F17: 183748 | G17: =+E17-F17 -> -183748 | H17: =+G17/F17 -> -1 | I17: =+E17/$E$2 -> #DIV/0! | J17: =J16+I17 -> #DIV/0! | K17: 0.05 | L17: =+E17*K17 -> 0 | N17: =+L17/12 -> 0
A18: F4267_BE | B18: IDEAL FREIGHT SA | C18: CW | D18: TRANSPORT | F18: 177596.32 | G18: =+E18-F18 -> -177596.32 | H18: =+G18/F18 -> -1 | I18: =+E18/$E$2 -> #DIV/0! | J18: =J17+I18 -> #DIV/0! | K18: 0.05 | L18: =K18*E18 -> 0 | N18: =+L18/12 -> 0
A19: F1306_BE | B19: ENTRA /* | C19: CW | D19: INTERIM | F19: 139093.21 | G19: =+E19-F19 -> -139093.21 | H19: =+G19/F19 -> -1 | I19: =+E19/$E$2 -> #DIV/0! | J19: =J18+I19 -> #DIV/0! | K19: 0.05 | L19: =+K19*E19 -> 0 | N19: =+L19/12 -> 0
A20: F3202_BE | B20: SAMBRINVEST /* | C20: BM | D20: BQUE | F20: 263679.13 | G20: =+E20-F20 -> -263679.13 | H20: =+G20/F20 -> -1 | I20: =+E20/$E$2 -> #DIV/0! | J20: =J19+I20 -> #DIV/0! | N20: =+L20/12 -> 0
A21: F5640_BE | B21: PROOF OF CONCEPT SPRL | C21: JK | D21: INFORMATIQUE | F21: 121530 | G21: =+E21-F21 -> -121530 | H21: =+G21/F21 -> -1 | I21: =+E21/$E$2 -> #DIV/0! | J21: =J20+I21 -> #DIV/0! | N21: =+L21/12 -> 0
A22: F30132_NL | B22: GORRE - COMP. CLIENT | C22: SZ | D22: MARCH FILTRES | F22: 32223.75 | G22: =+E22-F22 -> -32223.75 | H22: =+G22/F22 -> -1 | I22: =+E22/$E$2 -> #DIV/0! | J22: =J21+I22 -> #DIV/0! | K22: 0.02 | L22: =+E22*K22 -> 0 | N22: =+L22/12 -> 0
A23: F4482_FR | B23: AK FILTRATION SARL | C23: SZ | D23: MARCH FILTRES | F23: 58984.8 | G23: =+E23-F23 -> -58984.8 | H23: =+G23/F23 -> -1 | I23: =+E23/$E$2 -> #DIV/0! | J23: =J22+I23 -> #DIV/0! | K23: 0.02 | L23: =+E23*K23 -> 0 | N23: =+L23/12 -> 0
A24: F5376_BE | B24: DEGRE FUTUR SNC | C24: BM | D24: MANPOWER | F24: 235633.35 | G24: =+E24-F24 -> -235633.35 | H24: =+G24/F24 -> -1 | I24: =+E24/$E$2 -> #DIV/0! | J24: =J23+I24 -> #DIV/0! | N24: =+L24/12 -> 0
A25: F5809_BE | B25: ECONOCOM LEASE SA | C25: JK | D25: INFORMATIQUE | F25: 90753.56 | G25: =+E25-F25 -> -90753.56 | H25: =+G25/F25 -> -1 | I25: =+E25/$E$2 -> #DIV/0! | J25: =J24+I25 -> #DIV/0! | K25: 0.05 | L25: =+E25*K25 -> 0 | N25: =+L25/12 -> 0
A26: F4745_BE | B26: SOFINEX | C26: BM | D26: BQUE | F26: 105860.06 | G26: =+E26-F26 -> -105860.06 | H26: =+G26/F26 -> -1 | I26: =+E26/$E$2 -> #DIV/0! | J26: =J25+I26 -> #DIV/0! | N26: =+L26/12 -> 0
A27: F5317_BE | B27: EUROTERMINAL | C27: CW | D27: TRANSPORT | F27: 89394.29 | G27: =+E27-F27 -> -89394.29 | H27: =+G27/F27 -> -1 | I27: =+E27/$E$2 -> #DIV/0! | J27: =J26+I27 -> #DIV/0! | K27: 0.05 | L27: =K27*E27 -> 0 | N27: =+L27/12 -> 0
A28: F1946_BE | B28: JOST & CIE | C28: CW | D28: TRANSPORT | F28: 114777.41 | G28: =+E28-F28 -> -114777.41 | H28: =+G28/F28 -> -1 | I28: =+E28/$E$2 -> #DIV/0! | J28: =J27+I28 -> #DIV/0! | K28: 0.05 | L28: =K28*E28 -> 0 | N28: =+L28/12 -> 0
A29: F5630_DE | B29: DELTRIAN DEUTSCHLAND GMBH | C29: BM | F29: 93600 | G29: =+E29-F29 -> -93600 | H29: =+G29/F29 -> -1 | I29: =+E29/$E$2 -> #DIV/0! | J29: =J28+I29 -> #DIV/0! | N29: =+L29/12 -> 0
A30: F5838_BE | B30: KONVERT INTERIM WALLONIE SA | C30: CW | D30: INTERIM | F30: 28267.6 | G30: =+E30-F30 -> -28267.6 | H30: =+G30/F30 -> -1 | I30: =+E30/$E$2 -> #DIV/0! | J30: =J29+I30 -> #DIV/0! | K30: 0.05 | L30: =+K30*E30 -> 0 | N30: =+L30/12 -> 0
A31: F4523_BE | B31: PALL BVBA | C31: SZ | D31: MARCH FILTRES | F31: 120389.67 | G31: =+E31-F31 -> -120389.67 | H31: =+G31/F31 -> -1 | I31: =+E31/$E$2 -> #DIV/0! | J31: =J30+I31 -> #DIV/0! | K31: 0.02 | L31: =+E31*K31 -> 0 | N31: =+L31/12 -> 0
A32: F30135_DE | B32: TANGERDING VLIESSTOFFE/ TWE BOCHOLT | C32: SZ | D32: MARCH FILTRES | F32: 22465.35 | G32: =+E32-F32 -> -22465.35 | H32: =+G32/F32 -> -1 | I32: =+E32/$E$2 -> #DIV/0! | J32: =J31+I32 -> #DIV/0! | K32: 0.02 | L32: =+E32*K32 -> 0 | N32: =+L32/12 -> 0
A33: F6552_BE | B33: CDW CARTONNERIES DE WALLONIE | C33: CW | D33: EMBALLAGE | F33: 84720.93 | G33: =+E33-F33 -> -84720.93 | H33: =+G33/F33 -> -1 | I33: =+E33/$E$2 -> #DIV/0! | J33: =J32+I33 -> #DIV/0! | K33: 0.05 | L33: =+K33*E33 -> 0 | N33: =+L33/12 -> 0
A34: F5225_NL | B34: CF INDUSTRIAL BV | C34: SZ | D34: MARCH FILTRES | F34: 23449.69 | G34: =+E34-F34 -> -23449.69 | H34: =+G34/F34 -> -1 | I34: =+E34/$E$2 -> #DIV/0! | J34: =J33+I34 -> #DIV/0! | K34: 0.02 | L34: =+E34*K34 -> 0 | N34: =+L34/12 -> 0
A35: F5499_BE | B35: ABSYTECH | C35: BM | D35: MANPOWER | F35: 49959.2 | G35: =+E35-F35 -> -49959.2 | H35: =+G35/F35 -> -1 | I35: =+E35/$E$2 -> #DIV/0! | J35: =J34+I35 -> #DIV/0! | K35: 0.05 | L35: =+E35*K35 -> 0 | N35: =+L35/12 -> 0
A36: F5896_BE | B36: SETAM - OFFICE DE REPRS. FISCALE | C36: CW | D36: INTERIM | G36: =+E36-F36 -> 0 | H36: =+G36/F36 -> #DIV/0! | I36: =+E36/$E$2 -> #DIV/0! | J36: =J35+I36 -> #DIV/0! | K36: 0.05 | L36: =+K36*E36 -> 0 | N36: =+L36/12 -> 0
A37: F30102_ES | B37: ARIAFIL | C37: SZ | D37: MARCH FILTRES | F37: 53895.99 | G37: =+E37-F37 -> -53895.99 | H37: =+G37/F37 -> -1 | I37: =+E37/$E$2 -> #DIV/0! | J37: =J36+I37 -> #DIV/0! | K37: 0.02 | L37: =+E37*K37 -> 0 | N37: =+L37/12 -> 0
A38: F5416_CN | B38: BENTUO LIGHTING CO. LTD | C38: SZ | D38: MARCH LED | F38: 68945.02 | G38: =+E38-F38 -> -68945.02 | H38: =+G38/F38 -> -1 | I38: =+E38/$E$2 -> #DIV/0! | J38: =J37+I38 -> #DIV/0! | K38: 0.03 | L38: =+K38*E38 -> 0 | N38: =+L38/12 -> 0
A39: F30115_DE | B39: SANDLER GMBH | C39: SZ | D39: MARCH FILTRES | F39: 158293.01 | G39: =+E39-F39 -> -158293.01 | H39: =+G39/F39 -> -1 | I39: =+E39/$E$2 -> #DIV/0! | J39: =J38+I39 -> #DIV/0! | K39: 0.02 | L39: =+E39*K39 -> 0 | N39: =+L39/12 -> 0
A40: F5815_US | B40: PAINTPOCKETS | C40: SZ | D40: MARCH FILTRES | F40: 46950.6 | G40: =+E40-F40 -> -46950.6 | H40: =+G40/F40 -> -1 | I40: =+E40/$E$2 -> #DIV/0! | J40: =J39+I40 -> #DIV/0! | K40: 0.02 | L40: =+E40*K40 -> 0 | N40: =+L40/12 -> 0
A41: F4229_DE | B41: MOLLER GMBH | C41: SZ | D41: MARCH FILTRES | F41: 3103.19 | G41: =+E41-F41 -> -3103.19 | H41: =+G41/F41 -> -1 | I41: =+E41/$E$2 -> #DIV/0! | J41: =J40+I41 -> #DIV/0! | K41: 0.02 | L41: =+E41*K41 -> 0 | N41: =+L41/12 -> 0
A42: F5749_BE | B42: BOECKMANS | C42: CW | D42: TRANSPORT | F42: 39902.98 | G42: =+E42-F42 -> -39902.98 | H42: =+G42/F42 -> -1 | I42: =+E42/$E$2 -> #DIV/0! | J42: =J41+I42 -> #DIV/0! | K42: 0.05 | L42: =K42*E42 -> 0 | N42: =+L42/12 -> 0
A43: F4358_SI | B43: KOMAG, D.O.O. | C43: SZ | D43: MARCH FILTRES | F43: 13933.32 | G43: =+E43-F43 -> -13933.32 | H43: =+G43/F43 -> -1 | I43: =+E43/$E$2 -> #DIV/0! | J43: =J42+I43 -> #DIV/0! | K43: 0.02 | L43: =+E43*K43 -> 0 | N43: =+L43/12 -> 0
A44: F5827_CN | B44: UP-SHINE LIGHTING CO. LTD | C44: SZ | D44: MARCH LED | F44: 22091.77 | G44: =+E44-F44 -> -22091.77 | H44: =+G44/F44 -> -1 | I44: =+E44/$E$2 -> #DIV/0! | J44: =J43+I44 -> #DIV/0! | K44: 0.03 | L44: =+K44*E44 -> 0 | N44: =+L44/12 -> 0
A45: F5868_CN | B45: SHENZHEN GLEMING PHOTOELECTRIC TECHNOLOG | C45: SZ | D45: MARCH LED | F45: 62.92 | G45: =+E45-F45 -> -62.92 | H45: =+G45/F45 -> -1 | I45: =+E45/$E$2 -> #DIV/0! | J45: =J44+I45 -> #DIV/0! | K45: 0.03 | L45: =+K45*E45 -> 0 | N45: =+L45/12 -> 0
A46: F4814_FR | B46: EUROVENT CERTIFICATION | C46: BM | F46: 50184 | G46: =+E46-F46 -> -50184 | H46: =+G46/F46 -> -1 | I46: =+E46/$E$2 -> #DIV/0! | J46: =J45+I46 -> #DIV/0! | N46: =+L46/12 -> 0
A47: F4815_BE | B47: ACCENT JOBS FOR PEOPLE | C47: CW | D47: INTERIM | F47: 24673.21 | G47: =+E47-F47 -> -24673.21 | H47: =+G47/F47 -> -1 | I47: =+E47/$E$2 -> #DIV/0! | J47: =J46+I47 -> #DIV/0! | K47: 0.05 | L47: =+K47*E47 -> 0 | N47: =+L47/12 -> 0
A48: F4764_BE | B48: AMLIN - FORTIS CORP. INSURANCE | C48: BM | D48: ASSURANCE | F48: 39424.83 | G48: =+E48-F48 -> -39424.83 | H48: =+G48/F48 -> -1 | I48: =+E48/$E$2 -> #DIV/0! | J48: =J47+I48 -> #DIV/0! | K48: 0.05 | L48: =+K48*E48 -> 0 | N48: =+L48/12 -> 0
A49: F5010_BE | B49: AG INSURANCE SA | C49: BM | D49: ASSURANCE | F49: 39098.8 | G49: =+E49-F49 -> -39098.8 | H49: =+G49/F49 -> -1 | I49: =+E49/$E$2 -> #DIV/0! | J49: =J48+I49 -> #DIV/0! | K49: 0.05 | L49: =+K49*E49 -> 0 | N49: =+L49/12 -> 0
A50: F5277_BE | B50: MEUWESE & GULBIS SPRL | C50: BM | D50: ASSURANCE | F50: 51638.2 | G50: =+E50-F50 -> -51638.2 | H50: =+G50/F50 -> -1 | I50: =+E50/$E$2 -> #DIV/0! | J50: =J49+I50 -> #DIV/0! | K50: 0.05 | L50: =+K50*E50 -> 0 | N50: =+L50/12 -> 0
A51: F5801_BE | B51: GLTI CONSULTING - E. RAYMAKERS | C51: BM | D51: MANPOWER | F51: 40806.65 | G51: =+E51-F51 -> -40806.65 | H51: =+G51/F51 -> -1 | I51: =+E51/$E$2 -> #DIV/0! | J51: =J50+I51 -> #DIV/0! | N51: =+L51/12 -> 0
A52: F4729_BE | B52: ECS - PARTNER | C52: CW | D52: EMBALLAGE | F52: 39260.35 | G52: =+E52-F52 -> -39260.35 | H52: =+G52/F52 -> -1 | I52: =+E52/$E$2 -> #DIV/0! | J52: =J51+I52 -> #DIV/0! | N52: =+L52/12 -> 0
A53: F4626_IT | B53: AIRGAM srl | C53: SZ | D53: MARCH FILTRES | F53: 18821.6 | G53: =+E53-F53 -> -18821.6 | H53: =+G53/F53 -> -1 | I53: =+E53/$E$2 -> #DIV/0! | J53: =J52+I53 -> #DIV/0! | K53: 0.02 | L53: =+E53*K53 -> 0 | N53: =+L53/12 -> 0
A54: F4061_TU | B54: DOGRUER | C54: CW | D54: TRANSPORT | F54: 181158 | G54: =+E54-F54 -> -181158 | H54: =+G54/F54 -> -1 | I54: =+E54/$E$2 -> #DIV/0! | J54: =J53+I54 -> #DIV/0! | K54: 0.05 | L54: =K54*E54 -> 0 | N54: =+L54/12 -> 0
A55: F9716_BE | B55: AMICIS S.A. | F55: 18296.43 | G55: =+E55-F55 -> -18296.43 | H55: =+G55/F55 -> -1 | I55: =+E55/$E$2 -> #DIV/0! | J55: =J54+I55 -> #DIV/0! | N55: =+L55/12 -> 0
A56: F5836_CH | B56: BOLLHOFF ATTEXOR SA | C56: SZ | D56: MACHINES | F56: 16500 | G56: =+E56-F56 -> -16500 | H56: =+G56/F56 -> -1 | I56: =+E56/$E$2 -> #DIV/0! | J56: =J55+I56 -> #DIV/0! | N56: =+L56/12 -> 0
A57: F4740_CN | B57: GOLDENBRIDGE CORPORATION LIMITED | C57: SZ | D57: MARCH LED | F57: 70069.68 | G57: =+E57-F57 -> -70069.68 | H57: =+G57/F57 -> -1 | I57: =+E57/$E$2 -> #DIV/0! | J57: =J56+I57 -> #DIV/0! | K57: 0.03 | L57: =+K57*E57 -> 0 | N57: =+L57/12 -> 0
A58: F6637_BE | B58: GEM SCRL | C58: ?? | F58: 28384.61 | G58: =+E58-F58 -> -28384.61 | H58: =+G58/F58 -> -1 | I58: =+E58/$E$2 -> #DIV/0! | J58: =J57+I58 -> #DIV/0! | N58: =+L58/12 -> 0
A59: F4325_BE | B59: CULIMETA BENELUX BVBA | C59: SZ | D59: MARCH FILTRES | F59: 42920.12 | G59: =+E59-F59 -> -42920.12 | H59: =+G59/F59 -> -1 | I59: =+E59/$E$2 -> #DIV/0! | J59: =J58+I59 -> #DIV/0! | K59: 0.02 | L59: =+E59*K59 -> 0 | N59: =+L59/12 -> 0
A60: F4334_BE | B60: ELECTRABEL/ELECTRICITE | C60: BM | D60: ELECTRICITE | F60: 30640.43 | G60: =+E60-F60 -> -30640.43 | H60: =+G60/F60 -> -1 | I60: =+E60/$E$2 -> #DIV/0! | J60: =J59+I60 -> #DIV/0! | K60: 0.05 | L60: =+K60*E60 -> 0 | N60: =+L60/12 -> 0
A61: F3100_BE | B61: TWE BOCHOLT - LIBELTEX | C61: SZ | D61: MARCH FILTRES | F61: 9939.85 | G61: =+E61-F61 -> -9939.85 | H61: =+G61/F61 -> -1 | I61: =+E61/$E$2 -> #DIV/0! | J61: =J60+I61 -> #DIV/0! | K61: 0.02 | L61: =+E61*K61 -> 0 | N61: =+L61/12 -> 0
A62: F1749 | B62: DACHSER BELGIQUE | C62: CW | D62: TRANSPORT | F62: 15806.3 | G62: =+E62-F62 -> -15806.3 | H62: =+G62/F62 -> -1 | I62: =+E62/$E$2 -> #DIV/0! | J62: =J61+I62 -> #DIV/0! | K62: 0.05 | L62: =K62*E62 -> 0 | N62: =+L62/12 -> 0
A63: F5312_DE | B63: EUKALIN - SPEZIAL-KLEBSTOFF FABRIK | C63: SZ | D63: MARCH FILTRES | F63: 70644 | G63: =+E63-F63 -> -70644 | H63: =+G63/F63 -> -1 | I63: =+E63/$E$2 -> #DIV/0! | J63: =J62+I63 -> #DIV/0! | K63: 0.02 | L63: =+E63*K63 -> 0 | N63: =+L63/12 -> 0
A64: F5522_NL | B64: ESSELENT SOLUTIONS=LOMAPRO | C64: ?? | F64: 19460.2 | G64: =+E64-F64 -> -19460.2 | H64: =+G64/F64 -> -1 | I64: =+E64/$E$2 -> #DIV/0! | J64: =J63+I64 -> #DIV/0! | N64: =+L64/12 -> 0
A65: F5181_BE | B65: VANHEEDE ENVIRONMENTAL LOGISTICS NV | C65: CW | D65: TRANSPORT | F65: 27764.94 | G65: =+E65-F65 -> -27764.94 | H65: =+G65/F65 -> -1 | I65: =+E65/$E$2 -> #DIV/0! | J65: =J64+I65 -> #DIV/0! | K65: 0.05 | L65: =K65*E65 -> 0 | N65: =+L65/12 -> 0
A66: F6604_BE | B66: ECONOCOM PRODUCTS & SOLUTIONS | C66: JK | D66: INFORMATIQUE | F66: 14143.08 | G66: =+E66-F66 -> -14143.08 | H66: =+G66/F66 -> -1 | I66: =+E66/$E$2 -> #DIV/0! | J66: =J65+I66 -> #DIV/0! | K66: 0.05 | L66: =+E66*K66 -> 0 | N66: =+L66/12 -> 0
A67: F4405_BE | B67: M.J. PACK | C67: CW | D67: EMBALLAGE | F67: 33019.83 | G67: =+E67-F67 -> -33019.83 | H67: =+G67/F67 -> -1 | I67: =+E67/$E$2 -> #DIV/0! | J67: =J66+I67 -> #DIV/0! | K67: 0.05 | L67: =+K67*E67 -> 0 | N67: =+L67/12 -> 0
A68: F2343_BE | B68: LC CONCEPT /* | C68: BM | D68: MANPOWER | F68: 27000 | G68: =+E68-F68 -> -27000 | H68: =+G68/F68 -> -1 | I68: =+E68/$E$2 -> #DIV/0! | J68: =J67+I68 -> #DIV/0! | N68: =+L68/12 -> 0
A69: F5184_DE | B69: EATON TECHNOLOGIES GMBH HYDRAULICS GROUP | C69: SZ | D69: MARCH FILTRES | F69: 29410.4 | G69: =+E69-F69 -> -29410.4 | H69: =+G69/F69 -> -1 | I69: =+E69/$E$2 -> #DIV/0! | J69: =J68+I69 -> #DIV/0! | K69: 0.02 | L69: =+E69*K69 -> 0 | N69: =+L69/12 -> 0
A70: F5821_CN | B70: HONG KONG ERVAN GROUP LTD | C70: SZ | D70: MARCH LED | F70: 54690.1 | G70: =+E70-F70 -> -54690.1 | H70: =+G70/F70 -> -1 | I70: =+E70/$E$2 -> #DIV/0! | J70: =J69+I70 -> #DIV/0! | N70: =+L70/12 -> 0
A71: F5349_RO | B71: NEASCU SORIN GHEORGHE PFA | C71: BM | D71: MANPOWER | F71: 22641.73 | G71: =+E71-F71 -> -22641.73 | H71: =+G71/F71 -> -1 | I71: =+E71/$E$2 -> #DIV/0! | J71: =J70+I71 -> #DIV/0! | N71: =+L71/12 -> 0
A72: F5867_CN | B72: AWICE INDUSTRY CO. LIMITED | C72: CW | D72: TRANSPORT | F72: 15305.79 | G72: =+E72-F72 -> -15305.79 | H72: =+G72/F72 -> -1 | I72: =+E72/$E$2 -> #DIV/0! | J72: =J71+I72 -> #DIV/0! | K72: 0.05 | L72: =K72*E72 -> 0 | N72: =+L72/12 -> 0
A73: F5922_BE | B73: WEX - RETAIL PETROLEUM SERVICES LTD | C73: BM | D73: CARBURANTS | G73: =+E73-F73 -> 0 | H73: =+G73/F73 -> #DIV/0! | I73: =+E73/$E$2 -> #DIV/0! | J73: =J72+I73 -> #DIV/0! | K73: 0.02 | L73: =+K73*E73 -> 0 | N73: =+L73/12 -> 0
A74: F4121_BE | B74: SCANFOR INTERNATIONAL FORWARDING | C74: CW | D74: TRANSPORT | F74: 25582 | G74: =+E74-F74 -> -25582 | H74: =+G74/F74 -> -1 | I74: =+E74/$E$2 -> #DIV/0! | J74: =J73+I74 -> #DIV/0! | K74: 0.05 | L74: =K74*E74 -> 0 | N74: =+L74/12 -> 0
A75: F4844_BE | B75: ATELIER BELGE DE LA MANUTENTION SA | C75: SZ | D75: MARCH FILTRES | F75: 25326.88 | G75: =+E75-F75 -> -25326.88 | H75: =+G75/F75 -> -1 | I75: =+E75/$E$2 -> #DIV/0! | J75: =J74+I75 -> #DIV/0! | K75: 0.02 | L75: =+E75*K75 -> 0 | N75: =+L75/12 -> 0
A76: F5660_BE | B76: AGO - JOBS & HR | C76: CW | D76: INTERIM | G76: =+E76-F76 -> 0 | H76: =+G76/F76 -> #DIV/0! | I76: =+E76/$E$2 -> #DIV/0! | J76: =J75+I76 -> #DIV/0! | K76: 0.05 | L76: =+K76*E76 -> 0 | N76: =+L76/12 -> 0
A77: F2255_BE | B77: DPD DIRECT PARCEL DISTRIBUTION /* | C77: CW | D77: TRANSPORT | F77: 5467.55 | G77: =+E77-F77 -> -5467.55 | H77: =+G77/F77 -> -1 | I77: =+E77/$E$2 -> #DIV/0! | J77: =J76+I77 -> #DIV/0! | K77: 0.05 | L77: =K77*E77 -> 0 | N77: =+L77/12 -> 0
A78: F5908_BE | B78: FACILE SOLUTION SPRL | C78: JK | D78: INFORMATIQUE | G78: =+E78-F78 -> 0 | H78: =+G78/F78 -> #DIV/0! | I78: =+E78/$E$2 -> #DIV/0! | J78: =J77+I78 -> #DIV/0! | N78: =+L78/12 -> 0
A79: F6551_CN | B79: SHENZHEN YF LIGHTING CO LTD | C79: SZ | D79: MARCH LED | F79: 15210.74 | G79: =+E79-F79 -> -15210.74 | H79: =+G79/F79 -> -1 | I79: =+E79/$E$2 -> #DIV/0! | J79: =J78+I79 -> #DIV/0! | K79: 0.03 | L79: =+K79*E79 -> 0 | N79: =+L79/12 -> 0
A80: F4225_BE | B80: ADMINISTRATION COMMUNALE FLEURUS | C80: BM | D80: TAXES | F80: 24036.05 | G80: =+E80-F80 -> -24036.05 | H80: =+G80/F80 -> -1 | I80: =+E80/$E$2 -> #DIV/0! | J80: =J79+I80 -> #DIV/0! | N80: =+L80/12 -> 0
A81: F1965_BE | B81: TOTAL BELGIQUE-LUXEMBOURG /*DOM | C81: BM | D81: CARBURANTS | F81: 52656.11 | G81: =+E81-F81 -> -52656.11 | H81: =+G81/F81 -> -1 | I81: =+E81/$E$2 -> #DIV/0! | J81: =J80+I81 -> #DIV/0! | K81: 0.02 | L81: =+K81*E81 -> 0 | N81: =+L81/12 -> 0
A82: F30108_FR | B82: AMC SAS | C82: SZ | D82: MARCH FILTRES | F82: 23805.82 | G82: =+E82-F82 -> -23805.82 | H82: =+G82/F82 -> -1 | I82: =+E82/$E$2 -> #DIV/0! | J82: =J81+I82 -> #DIV/0! | K82: 0.02 | L82: =+E82*K82 -> 0 | N82: =+L82/12 -> 0
A83: F5817_CN | B83: TRIECO (HK) LIMITED | C83: SZ | D83: MARCH LED | F83: 16850.94 | G83: =+E83-F83 -> -16850.94 | H83: =+G83/F83 -> -1 | I83: =+E83/$E$2 -> #DIV/0! | J83: =J82+I83 -> #DIV/0! | N83: =+L83/12 -> 0
A84: F4435_BE | B84: COOR SERVICE MANAGEMENT | C84: CW | D84: INTERIM | F84: 27480.46 | G84: =+E84-F84 -> -27480.46 | H84: =+G84/F84 -> -1 | I84: =+E84/$E$2 -> #DIV/0! | J84: =J83+I84 -> #DIV/0! | K84: 0.05 | L84: =+K84*E84 -> 0 | N84: =+L84/12 -> 0
A85: F6708_IT | B85: D.L.G. DI DAL BO ' ANTONIO & C SAS | C85: SZ | D85: MARCH FILTRES | F85: 10211.7 | G85: =+E85-F85 -> -10211.7 | H85: =+G85/F85 -> -1 | I85: =+E85/$E$2 -> #DIV/0! | J85: =J84+I85 -> #DIV/0! | K85: 0.02 | L85: =+E85*K85 -> 0 | N85: =+L85/12 -> 0
A86: F5849_CN | B86: SUNDOPT | C86: SZ | D86: MARCH LED | F86: 39122.16 | G86: =+E86-F86 -> -39122.16 | H86: =+G86/F86 -> -1 | I86: =+E86/$E$2 -> #DIV/0! | J86: =J85+I86 -> #DIV/0! | N86: =+L86/12 -> 0
A87: F9714_FR | B87: STONE GROUP | C87: BM | D87: TOLERIE | F87: 47661.5 | G87: =+E87-F87 -> -47661.5 | H87: =+G87/F87 -> -1 | I87: =+E87/$E$2 -> #DIV/0! | J87: =J86+I87 -> #DIV/0! | N87: =+L87/12 -> 0
A88: F6626_CN | B88: SHENZHEN YUQI LOGISTICS CO. LTD | C88: CW | D88: TRANSPORT | F88: 14204.68 | G88: =+E88-F88 -> -14204.68 | H88: =+G88/F88 -> -1 | I88: =+E88/$E$2 -> #DIV/0! | J88: =J87+I88 -> #DIV/0! | K88: 0.05 | L88: =K88*E88 -> 0 | N88: =+L88/12 -> 0
A89: F4252_NL | B89: DRABOR TERWOLDE BV | C89: SZ | D89: MARCH FILTRES | F89: 10338.2 | G89: =+E89-F89 -> -10338.2 | H89: =+G89/F89 -> -1 | I89: =+E89/$E$2 -> #DIV/0! | J89: =J88+I89 -> #DIV/0! | K89: 0.02 | L89: =+E89*K89 -> 0 | N89: =+L89/12 -> 0
A90: F4531_BE | B90: SODEXO | C90: CW | D90: HR | F90: 11797.42 | G90: =+E90-F90 -> -11797.42 | H90: =+G90/F90 -> -1 | I90: =+E90/$E$2 -> #DIV/0! | J90: =J89+I90 -> #DIV/0! | N90: =+L90/12 -> 0
A91: F5377_BE | B91: ETNOBEL | C91: SZ | D91: MARCH LED | F91: 2234.49 | G91: =+E91-F91 -> -2234.49 | H91: =+G91/F91 -> -1 | I91: =+E91/$E$2 -> #DIV/0! | J91: =J90+I91 -> #DIV/0! | N91: =+L91/12 -> 0
A92: F5916_NL | B92: INTERCOL B.V. | C92: BM | D92: GLUE | G92: =+E92-F92 -> 0 | H92: =+G92/F92 -> #DIV/0! | I92: =+E92/$E$2 -> #DIV/0! | J92: =J91+I92 -> #DIV/0! | N92: =+L92/12 -> 0
A93: F2185_BE | B93: TOTAL IND. SUPPLY/ KEMTEX / H.C.T. | C93: BM | D93: TFM | F93: 25217.86 | G93: =+E93-F93 -> -25217.86 | H93: =+G93/F93 -> -1 | I93: =+E93/$E$2 -> #DIV/0! | J93: =J92+I93 -> #DIV/0! | N93: =+L93/12 -> 0
A94: F4295_BE | B94: HABRAKEN BELGIUM SA | C94: BM | D94: PRODUCTION | F94: 14172.68 | G94: =+E94-F94 -> -14172.68 | H94: =+G94/F94 -> -1 | I94: =+E94/$E$2 -> #DIV/0! | J94: =J93+I94 -> #DIV/0! | N94: =+L94/12 -> 0
A95: F4493_FR | B95: ECOFILTRE SARL | C95: SZ | D95: MARCH FILTRES | F95: 2071.3 | G95: =+E95-F95 -> -2071.3 | H95: =+G95/F95 -> -1 | I95: =+E95/$E$2 -> #DIV/0! | J95: =J94+I95 -> #DIV/0! | K95: 0.02 | L95: =+E95*K95 -> 0 | N95: =+L95/12 -> 0
A96: F4387_BE | B96: CERCLINDUS | C96: BM | D96: PRODUCTION | F96: 4081.62 | G96: =+E96-F96 -> -4081.62 | H96: =+G96/F96 -> -1 | I96: =+E96/$E$2 -> #DIV/0! | J96: =J95+I96 -> #DIV/0! | N96: =+L96/12 -> 0
A97: F5871_NO | B97: HAKULL AS | C97: CW | D97: TRANSPORT | F97: 2550 | G97: =+E97-F97 -> -2550 | H97: =+G97/F97 -> -1 | I97: =+E97/$E$2 -> #DIV/0! | J97: =J96+I97 -> #DIV/0! | K97: 0.05 | L97: =K97*E97 -> 0 | N97: =+L97/12 -> 0
A98: F5475_BE | B98: DELTA-TRIM SPRL | C98: BM | D98: MANPOWER | F98: 31653.8 | G98: =+E98-F98 -> -31653.8 | H98: =+G98/F98 -> -1 | I98: =+E98/$E$2 -> #DIV/0! | J98: =J97+I98 -> #DIV/0! | N98: =+L98/12 -> 0
A99: F5915_BE | B99: FB Logistics | C99: CW | D99: TRANSPORT | G99: =+E99-F99 -> 0 | H99: =+G99/F99 -> #DIV/0! | I99: =+E99/$E$2 -> #DIV/0! | J99: =J98+I99 -> #DIV/0! | K99: 0.05 | L99: =K99*E99 -> 0 | N99: =+L99/12 -> 0
A100: F5805_CN | B100: HARVEST GLOBAL FORWARDING (HK) CO. | C100: CW | D100: TRANSPORT | F100: 33052 | G100: =+E100-F100 -> -33052 | H100: =+G100/F100 -> -1 | I100: =+E100/$E$2 -> #DIV/0! | J100: =J99+I100 -> #DIV/0! | K100: 0.05 | L100: =K100*E100 -> 0 | N100: =+L100/12 -> 0
...

Sheet fichier vlr
A1: F4701_SK | B1: DELTRIAN SLOVAKIA SRO | C1: 2671269.7
A2: F3229_TU | B2: MIKROPOR- COMP. CLIENT | C2: 2302673.9
A3: F3216_BE | B3: ENERGY TEAM /* | C3: 1103953
A4: F4803_BE | B4: ATTENTIA CHARLEROI ASBL | C4: 884212.73
A5: F5301_NL | B5: FILTRAIR | C5: 556889.83
A6: F5293_IT | B6: F & F S.R.L. | C6: 525096.93
A7: F4900_BE | B7: C.A.R.P. | C7: 313442.67
A8: F5578_CN | B8: SHINELONG LED LIGHTING CO. LTD | C8: 294700.91
A9: F4133_DE | B9: CARUSO GMBH | C9: 290512.48
A10: F5659_CN | B10: AGC LIGHTING CO. LTD | C10: 289522.41
A11: F4823_BE | B11: VAN MIEGHEM LOGISTICS SA | C11: 284531.93
A12: F2416_BE | B12: IPAL /* | C12: 249688.87
... A541: F1225_BE | B541: CARGLASS /* | C541: -1
C543: =SUM(C1:C541) -> 17693389

Sheet CW_SZ_purchase Filter
B1: Référence | C1: Libellé | D1: RESP | F1: 2019 | G1: 2018 | H1: DELTA 2019-2018 | I1: DELTA% | J1: % on Total | K1: cum % | L1: REDUCTION % | M1: SAVINGS
A2: 1 | B2: F4701_SK | C2: DELTRIAN SLOVAKIA SRO | D2: SZ | E2: MARCH FILTRES | F2: 2649240.1 | G2: 2451288.4 | H2: 197951.7 | I2: 0.080754146 | J2: 0.15496557 | K2: =J2 -> 0.15496557 | L2: 0.01 | M2: =+L2*F2 -> 26492.401 | N2: COMPARE MIKROPOR AND SK - CHECK ROUMANIAN SUPPLIER
A3: 2 | B3: F3229_TU | C3: MIKROPOR- COMP. CLIENT | D3: SZ | E3: MARCH FILTRES | F3: 2181120.9 | G3: 2410932 | H3: -229811.11 | I3: -0.095320443 | J3: 0.12758325 | K3: =J3+K2 -> 0.28254882 | L3: 0.01 | M3: =+L3*F3 -> 21811.209 | N3: COMPARE MIKROPOR AND SK - CHECK ROUMANIAN SUPPLIER + B&S + MAKE SPOT REDUCTION ON BIG ORDERS
A4: 5 | B4: F5301_NL | C4: FILTRAIR | D4: SZ | E4: MARCH FILTRES | F4: 556889.83 | G4: 548542.62 | H4: 8347.21 | I4: 0.015217067 | J4: 0.032574908 | K4: =J4+K3 -> 0.31512373 | L4: 0.02 | M4: =+L4*F4 -> 11137.797 | N4: PPL/PFL/PTL IN PLUSAIR PA - compete ceeling filters with TWE
A5: 6 | B5: F5293_IT | C5: F & F S.R.L. | D5: SZ | E5: MARCH FILTRES | F5: 521130.7 | G5: 625745.77 | H5: -104615.07 | I5: -0.16718462 | J5: 0.030483201 | K5: =J5+K4 -> 0.34560693 | L5: 0.05 | M5: =+L5*F5 -> 26056.535 | R5: CONSOLIDATION WITH SUBSIDARIES
A6: 7 | B6: F4900_BE | C6: C.A.R.P. | D6: SZ | E6: MARCH FILTRES | F6: 296062.65 | G6: 321417.22 | H6: -25354.57 | I6: -0.07888367 | J6: 0.017317992 | K6: =J6+K5 -> 0.36292492 | L6: 0.02 | M6: =+L6*F6 -> 5921.253
A7: 9 | B7: F4133_DE | C7: CARUSO GMBH | D7: SZ | E7: MARCH FILTRES | F7: 286621.04 | G7: 227904.4 | H7: 58716.64 | I7: 0.25763715 | J7: 0.016765711 | K7: =J7+K6 -> 0.37969063 | L7: 0.02 | M7: =+L7*F7 -> 5732.4208 | R7: CONSOLIDATION WITH SUBSIDARIES
A8: 14 | B8: F5251_IT | C8: AEROGLASS FILTRI SRL | D8: SZ | E8: MARCH FILTRES | F8: 207768.2 | G8: 186552.29 | H8: 21215.91 | I8: 0.11372634 | J8: 0.012153266 | K8: =J8+K7 -> 0.3918439 | L8: 0.02 | M8: =+L8*F8 -> 4155.364
A9: 23 | B9: F30132_NL | C9: GORRE - COMP. CLIENT | D9: SZ | E9: MARCH FILTRES | F9: 150039.75 | G9: 32223.75 | H9: 117816 | I9: 3.6561853 | J9: 0.0087764775 | K9: =J9+K8 -> 0.40062038 | L9: 0.02 | M9: =+L9*F9 -> 3000.795 | N9: CHECK SUPPLIER OF NICK OR PRODUCING SERIALS IN MOROCCO OF LITHUNIA
A10: 24 | B10: F4482_FR | C10: AK FILTRATION SARL | D10: SZ | E10: MARCH FILTRES | F10: 140029.4 | G10: 58984.8 | H10: 81044.6 | I10: 1.3739913 | J10: 0.0081909286 | K10: =J10+K9 -> 0.40881131 | L10: 0.02 | M10: =+L10*F10 -> 2800.588 | N10: FILTERBAGS FOR INDUSTRIAL DUST FILTRATION
A11: 35 | B11: F4523_BE | C11: PALL BVBA | D11: SZ | E11: MARCH FILTRES | F11: 84854.7 | G11: 120389.67 | H11: -35534.97 | I11: -0.29516627 | J11: 0.0049635204 | K11: =J11+K10 -> 0.41377483 | L11: 0.02 | M11: =+L11*F11 -> 1697.094 | N11: CHALLENGE WITH DELTRIAN CHINA (MARKUS)
A12: 40 | B12: F30135_DE | C12: TANGERDING VLIESSTOFFE/ TWE BOCHOLT | D12: SZ | E12: MARCH FILTRES | F12: 77632.12 | G12: 22465.35 | H12: 55166.77 | I12: 2.4556381 | J12: 0.0045410403 | K12: =J12+K11 -> 0.41831587 | L12: 0.02 | M12: =+L12*F12 -> 1552.6424 | R12: CONSOLIDATION WITH SUBSIDARIES
A13: 42 | B13: F5225_NL | C13: CF INDUSTRIAL BV | D13: SZ | E13: MARCH FILTRES | F13: 70124.02 | G13: 23449.69 | H13: 46674.33 | I13: 1.9904029 | J13: 0.0041018589 | K13: =J13+K12 -> 0.42241773 | L13: 0.02 | M13: =+L13*F13 -> 1402.4804
A14: 46 | B14: F30102_ES | C14: ARIAFIL | D14: SZ | E14: MARCH FILTRES | F14: 59167.11 | G14: 53895.99 | H14: 5271.12 | I14: 0.09780171 | J14: 0.0034609416 | K14: =J14+K13 -> 0.42587867 | L14: 0.02 | M14: =+L14*F14 -> 1183.3422
A15: 50 | B15: F30115_DE | C15: SANDLER GMBH | D15: SZ | E15: MARCH FILTRES | F15: 54768.94 | G15: 158293.01 | H15: -103524.07 | I15: -0.65400279 | J15: 0.0032036735 | K15: =J15+K14 -> 0.42908234 | L15: 0.02 | M15: =+L15*F15 -> 1095.3788 | R15: CONSOLIDATION WITH SUBSIDARIES
A16: 51 | B16: F5815_US | C16: PAINTPOCKETS | D16: SZ | E16: MARCH FILTRES | F16: 54108.99 | G16: 46950.6 | H16: 7158.39 | I16: 0.15246642 | J16: 0.0031650701 | K16: =J16+K15 -> 0.43224741 | L16: 0.02 | M16: =+L16*F16 -> 1082.1798
A17: 53 | B17: F4229_DE | C17: MOLLER GMBH | D17: SZ | E17: MARCH FILTRES | F17: 52314.53 | G17: 3103.19 | H17: 49211.34 | I17: 15.858307 | J17: 0.0030601044 | K17: =J17+K16 -> 0.43530751 | L17: 0.02 | M17: =+L17*F17 -> 1046.2906 | N17: PRODUCER IN POLAND COMPETITOR OF MOLLER | R17: CONSOLIDATION WITH SUBSIDARIES
A18: 55 | B18: F4358_SI | C18: KOMAG, D.O.O. | D18: SZ | E18: MARCH FILTRES | F18: 51834.92 | G18: 13933.32 | H18: 37901.6 | I18: 2.7202131 | J18: 0.0030320499 | K18: =J18+K17 -> 0.43833956 | L18: 0.2 | M18: =+L18*F18 -> 10366.984 | N18: NEW MACHINERY TO BUY URGENTLY
A19: 68 | B19: F4626_IT | C19: AIRGAM srl | D19: SZ | E19: MARCH FILTRES | F19: 38688 | G19: 18821.6 | H19: 19866.4 | I19: 1.0555107 | J19: 0.0022630294 | K19: =J19+K18 -> 0.44060259 | L19: 0 | M19: =+L19*F19 -> 0
A20: 79 | B20: F3100_BE | C20: TWE BOCHOLT - LIBELTEX | D20: SZ | E20: MARCH FILTRES | F20: 29285.67 | G20: 9939.85 | H20: 19345.82 | I20: 1.9462889 | J20: 0.0017130462 | K20: =J20+K19 -> 0.44231564 | L20: 0.02 | M20: =+L20*F20 -> 585.7134
A21: 81 | B21: F5312_DE | C21: EUKALIN - SPEZIAL-KLEBSTOFF FABRIK | D21: SZ | E21: MARCH FILTRES | F21: 28272.32 | G21: 70644 | H21: -42371.68 | I21: -0.59979163 | J21: 0.0016537709 | K21: =J21+K20 -> 0.44396941 | L21: 0.02 | M21: =+L21*F21 -> 565.4464
A22: 87 | B22: F5184_DE | C22: EATON TECHNOLOGIES GMBH HYDRAULICS GROUP | D22: SZ | E22: MARCH FILTRES | F22: 26839.9 | G22: 29410.4 | H22: -2570.5 | I22: -0.087401055 | J22: 0.0015699825 | K22: =J22+K21 -> 0.44553939 | L22: 0.02 | M22: =+L22*F22 -> 536.798
A23: 101 | B23: F30108_FR | C23: AMC SAS | D23: SZ | E23: MARCH FILTRES | F23: 21435.92 | G23: 23805.82 | H23: -2369.9 | I23: -0.099551286 | J23: 0.0012538802 | K23: =J23+K22 -> 0.44679327 | L23: 0.02 | M23: =+L23*F23 -> 428.7184
A24: 104 | B24: F6708_IT | C24: D.L.G. DI DAL BO ' ANTONIO & C SAS | D24: SZ | E24: MARCH FILTRES | F24: 20523.38 | G24: 10211.7 | H24: 10311.68 | I24: 1.0097907 | J24: 0.0012005017 | K24: =J24+K23 -> 0.44799378 | L24: 0.02 | M24: =+L24*F24 -> 410.4676
A25: 108 | B25: F4252_NL | C25: DRABOR TERWOLDE BV | D25: SZ | E25: MARCH FILTRES | F25: 18016.42 | G25: 10338.2 | H25: 7678.22 | I25: 0.74270376 | J25: 0.0010538588 | K25: =J25+K24 -> 0.44904763 | L25: 0.02 | M25: =+L25*F25 -> 360.3284
A26: 114 | B26: F4493_FR | C26: ECOFILTRE SARL | D26: SZ | E26: MARCH FILTRES | F26: 16034.3 | G26: 2071.3 | H26: 13963 | I26: 6.741177 | J26: 0.00093791594 | K26: =J26+K25 -> 0.44998555 | L26: 0.02 | M26: =+L26*F26 -> 320.686
A27: 133 | B27: F5799_GB | C27: PORVAIR FILTRATION GROUP LTD | D27: SZ | E27: MARCH FILTRES | F27: 12045.13 | G27: 8333 | H27: 3712.13 | I27: 0.44547342 | J27: 0.00070457204 | K27: =J27+K26 -> 0.45069012 | L27: 0.02 | M27: =+L27*F27 -> 240.9026
A28: 137 | B28: F5196_DK | C28: NORDIC AIR FILTRATION A/S | D28: SZ | E28: MARCH FILTRES | F28: 11615.5 | G28: 9674.88 | H28: 1940.62 | I28: 0.20058337 | J28: 0.00067944111 | K28: =J28+K27 -> 0.45136956 | L28: 0.02 | M28: =+L28*F28 -> 232.31
A29: 154 | B29: F4588_IT | C29: GARDAIR SPA | D29: SZ | E29: MARCH FILTRES | F29: 9854.53 | G29: 31235.24 | H29: -21380.71 | I29: -0.68450603 | J29: 0.00057643431 | K29: =J29+K28 -> 0.451946 | L29: 0.02 | M29: =+L29*F29 -> 197.0906
F30: =SUM(F2:F29) -> 7726319 | G30: =SUM(G2:G29) -> 7530558.1 | H30: =SUM(H2:H29) -> 195760.9 | K30: =+F30/'comp 2019 2018'!E2 -> #DIV/0! | M30: =SUM(M2:M29) -> 130413.22 | N30: =+M30/F30 -> 0.016879088

Sheet CW_SZ_purchase LED
B1: Référence | C1: Libellé | D1: RESP | F1: 2019 | G1: 2018 | H1: DELTA 2019-2018 | I1: DELTA% | J1: % on Total | K1: cum % | L1: REDUCTION % | M1: SAVINGS
A2: 29 | B2: F5659_CN | C2: AGC LIGHTING CO. LTD | D2: SZ | E2: MARCH LED | F2: 289610.3 | G2: 253657.49 | H2: 35952.81 | I2: 0.14173762 | J2: 0.016940566 | K2: =J2 -> 0.016940566 | L2: 0.03 | M2: =+L2*F2 -> 8688.309
A3: 30 | B3: F5578_CN | C3: SHINELONG LED LIGHTING CO. LTD | D3: SZ | E3: MARCH LED | F3: 281264.92 | G3: 207350.1 | H3: 73914.82 | I3: 0.35647352 | J3: 0.016452408 | K3: =K2+J3 -> 0.033392974 | L3: 0.03 | M3: =+L3*F3 -> 8437.9476
A4: 31 | B4: F5416_CN | C4: BENTUO LIGHTING CO. LTD | D4: SZ | E4: MARCH LED | F4: 57468.96 | G4: 68945.02 | H4: -11476.06 | I4: -0.16645234 | J4: 0.0033616094 | K4: =K3+J4 -> 0.036754584 | L4: 0.03 | M4: =+L4*F4 -> 1724.0688
A5: 32 | B5: F5827_CN | C5: UP-SHINE LIGHTING CO. LTD | D5: SZ | E5: MARCH LED | F5: 51565.67 | G5: 22091.77 | H5: 29473.9 | I5: 1.3341575 | J5: 0.0030163003 | K5: =K4+J5 -> 0.039770884 | L5: 0.03 | M5: =+L5*F5 -> 1546.9701
A6: 33 | B6: F5868_CN | C6: SHENZHEN GLEMING PHOTOELECTRIC TECHNOLOG | D6: SZ | E6: MARCH LED | F6: 48453.07 | G6: 62.92 | H6: 48390.15 | I6: 769.07422 | J6: 0.0028342308 | K6: =K5+J6 -> 0.042605115 | L6: 0.03 | M6: =+L6*F6 -> 1453.5921
A7: 34 | B7: F4740_CN | C7: GOLDENBRIDGE CORPORATION LIMITED | D7: SZ | E7: MARCH LED | F7: 31854.77 | G7: 70069.68 | H7: -38214.91 | I7: -0.54538439 | J7: 0.001863324 | K7: =K6+J7 -> 0.044468439 | L7: 0.03 | M7: =+L7*F7 -> 955.6431
A8: 35 | B8: F6551_CN | C8: SHENZHEN YF LIGHTING CO LTD | D8: SZ | E8: MARCH LED | F8: 22216.48 | G8: 15210.74 | H8: 7005.74 | I8: 0.46057851 | J8: 0.0012995385 | K8: =K7+J8 -> 0.045767977 | L8: 0.03 | M8: =+L8*F8 -> 666.4944
F9: =SUM(F2:F8) -> 782434.17 | G9: =SUM(G2:G8) -> 637387.72 | H9: =SUM(H2:H8) -> 145046.45 | K9: =+F9/'comp 2019 2018'!E2 -> #DIV/0! | M9: =SUM(M2:M8) -> 23473.025 | N9: =+M9/F9 -> 0.03

Sheet CW_TRANSPORT
B3: Référence | C3: Libellé | D3: RESP | F3: 2019 | G3: 2018 | H3: DELTA 2019-2018 | I3: DELTA% | J3: % on Total | K3: cum % | L3: REDUCTION % | M3: SAVINGS/YEAR | O3: SAVING/MONTH
B4: F4823_BE | C4: VAN MIEGHEM LOGISTICS SA | D4: CW | E4: TRANSPORT | F4: 266286.8 | G4: 294743.07 | H4: -28456.27 | I4: -0.096546019 | J4: =F4/'comp 2019 2018'!$E$2 -> #DIV/0! | K4: =J4 -> #DIV/0! | L4: 0.05 | M4: =+L4*F4 -> 13314.34 | O4: =+M4/12 -> 1109.5283
B5: F4267_BE | C5: IDEAL FREIGHT SA | D5: CW | E5: TRANSPORT | F5: 174891.8 | G5: 177596.32 | H5: -2704.52 | I5: -0.015228469 | J5: =F5/'comp 2019 2018'!$E$2 -> #DIV/0! | K5: =K4+J5 -> #DIV/0! | L5: 0.05 | M5: =+L5*F5 -> 8744.59 | O5: =+M5/12 -> 728.71583
B6: F5317_BE | C6: EUROTERMINAL | D6: CW | E6: TRANSPORT | F6: 119132.27 | G6: 89394.29 | H6: 29737.98 | I6: 0.33266084 | J6: =F6/'comp 2019 2018'!$E$2 -> #DIV/0! | K6: =K5+J6 -> #DIV/0! | L6: 0.05 | M6: =+L6*F6 -> 5956.6135 | O6: =+M6/12 -> 496.38446
B7: F1946_BE | C7: JOST & CIE | D7: CW | E7: TRANSPORT | F7: 108811.9 | G7: 114777.41 | H7: -5965.51 | I7: -0.0519746 | J7: =F7/'comp 2019 2018'!$E$2 -> #DIV/0! | K7: =K6+J7 -> #DIV/0! | L7: 0.05 | M7: =+L7*F7 -> 5440.595 | O7: =+M7/12 -> 453.38292
B8: F5749_BE | C8: BOECKMANS | D8: CW | E8: TRANSPORT | F8: 52073.29 | G8: 39902.98 | H8: 12170.31 | I8: 0.30499752 | J8: =F8/'comp 2019 2018'!$E$2 -> #DIV/0! | K8: =K7+J8 -> #DIV/0! | L8: 0.05 | M8: =+L8*F8 -> 2603.6645 | O8: =+M8/12 -> 216.97204
B9: F4061_TU | C9: DOGRUER | D9: CW | E9: TRANSPORT | F9: 36300 | G9: 181158 | H9: -144858 | I9: -0.79962243 | J9: =F9/'comp 2019 2018'!$E$2 -> #DIV/0! | K9: =K8+J9 -> #DIV/0! | L9: 0.05 | M9: =+L9*F9 -> 1815 | O9: =+M9/12 -> 151.25
B10: F1749 | C10: DACHSER BELGIQUE | D10: CW | E10: TRANSPORT | F10: 29181.5 | G10: 15806.3 | H10: 13375.2 | I10: 0.84619424 | J10: =F10/'comp 2019 2018'!$E$2 -> #DIV/0! | K10: =K9+J10 -> #DIV/0! | L10: 0.05 | M10: =+L10*F10 -> 1459.075 | O10: =+M10/12 -> 121.58958
B11: F5181_BE | C11: VANHEEDE ENVIRONMENTAL LOGISTICS NV | D11: CW | E11: TRANSPORT | F11: 27854.48 | G11: 27764.94 | H11: 89.54 | I11: 0.0032249304 | J11: =F11/'comp 2019 2018'!$E$2 -> #DIV/0! | K11: =K10+J11 -> #DIV/0! | L11: 0.05 | M11: =+L11*F11 -> 1392.724 | O11: =+M11/12 -> 116.06033
B12: F5867_CN | C12: AWICE INDUSTRY CO. LIMITED | D12: CW | E12: TRANSPORT | F12: 24644.37 | G12: 15305.79 | H12: 9338.58 | I12: 0.61013381 | J12: =F12/'comp 2019 2018'!$E$2 -> #DIV/0! | K12: =K11+J12 -> #DIV/0! | L12: 0.05 | M12: =+L12*F12 -> 1232.2185 | O12: =+M12/12 -> 102.68487
B13: F4121_BE | C13: SCANFOR INTERNATIONAL FORWARDING | D13: CW | E13: TRANSPORT | F13: 23545 | G13: 25582 | H13: -2037 | I13: -0.0796263 | J13: =F13/'comp 2019 2018'!$E$2 -> #DIV/0! | K13: =K12+J13 -> #DIV/0! | L13: 0.05 | M13: =+L13*F13 -> 1177.25 | O13: =+M13/12 -> 98.104167
B14: F2255_BE | C14: DPD DIRECT PARCEL DISTRIBUTION /* | D14: CW | E14: TRANSPORT | F14: 22818.35 | G14: 5467.55 | H14: 17350.8 | I14: 3.1734141 | J14: =F14/'comp 2019 2018'!$E$2 -> #DIV/0! | K14: =K13+J14 -> #DIV/0! | L14: 0.05 | M14: =+L14*F14 -> 1140.9175 | O14: =+M14/12 -> 95.076458
B15: F6626_CN | C15: SHENZHEN YUQI LOGISTICS CO. LTD | D15: CW | E15: TRANSPORT | F15: 18239.16 | G15: 14204.68 | H15: 4034.48 | I15: 0.2840247 | J15: =F15/'comp 2019 2018'!$E$2 -> #DIV/0! | K15: =K14+J15 -> #DIV/0! | L15: 0.05 | M15: =+L15*F15 -> 911.958 | O15: =+M15/12 -> 75.9965
B16: F5871_NO | C16: HAKULL AS | D16: CW | E16: TRANSPORT | F16: 15613.76 | G16: 2550 | H16: 13063.76 | I16: 5.1230431 | J16: =F16/'comp 2019 2018'!$E$2 -> #DIV/0! | K16: =K15+J16 -> #DIV/0! | L16: 0.05 | M16: =+L16*F16 -> 780.688 | O16: =+M16/12 -> 65.057333
B17: F5915_BE | C17: FB Logistics | D17: CW | E17: TRANSPORT | F17: 15539.16 | H17: 15539.16 | I17: #DIV/0! | J17: =F17/'comp 2019 2018'!$E$2 -> #DIV/0! | K17: =K16+J17 -> #DIV/0! | L17: 0.05 | M17: =+L17*F17 -> 776.958 | O17: =+M17/12 -> 64.7465
B18: F5805_CN | C18: HARVEST GLOBAL FORWARDING (HK) CO. | D18: CW | E18: TRANSPORT | F18: 15528.65 | G18: 33052 | H18: -17523.35 | I18: -0.53017518 | J18: =F18/'comp 2019 2018'!$E$2 -> #DIV/0! | K18: =K17+J18 -> #DIV/0! | L18: 0.05 | M18: =+L18*F18 -> 776.4325 | O18: =+M18/12 -> 64.702708
B19: F4933_BE | C19: MAT AGREMENT / EXPRESS | D19: CW | E19: TRANSPORT | F19: 11591.23 | G19: 14175.35 | H19: -2584.12 | I19: -0.18229673 | J19: =F19/'comp 2019 2018'!$E$2 -> #DIV/0! | K19: =K18+J19 -> #DIV/0! | L19: 0.05 | M19: =+L19*F19 -> 579.5615 | O19: =+M19/12 -> 48.296792
B20: F5163_BE | C20: YUSEN LOGISTICS NV | D20: CW | E20: TRANSPORT | F20: 11095.48 | G20: 92925.64 | H20: -81830.16 | I20: -0.88059829 | J20: =F20/'comp 2019 2018'!$E$2 -> #DIV/0! | K20: =K19+J20 -> #DIV/0! | L20: 0.05 | M20: =+L20*F20 -> 554.774 | O20: =+M20/12 -> 46.231167
B21: F5951_CN | C21: DONGGUAN BOWIN INTERNATIONAL FORWARDING | D21: CW | E21: TRANSPORT | F21: 8437.96 | H21: 8437.96 | I21: #DIV/0! | J21: =F21/'comp 2019 2018'!$E$2 -> #DIV/0! | L21: 0.05 | M21: =+L21*F21 -> 421.898 | O21: =+M21/12 -> 35.158167
B22: F4218_BE | C22: BPOST SA | D22: CW | E22: TRANSPORT | F22: 6208.51 | G22: 6390.33 | H22: -181.82 | I22: -0.028452365 | J22: =F22/'comp 2019 2018'!$E$2 -> #DIV/0! | L22: 0.05 | M22: =+L22*F22 -> 310.4255 | O22: =+M22/12 -> 25.868792
F24: =SUM(F4:F22) -> 987793.67 | G24: =SUM(G4:G22) -> 1150796.7 | J24: =F24/'comp 2019 2018'!$E$2 -> #DIV/0! | M24: =SUM(M4:M22) -> 49389.684 | N24: =+M24/F24 -> 0.05
A26: remarks | C26: transport mikropor ???

Sheet CW_INTERIM
A1: Référence | B1: Libellé | C1: RESP | E1: 2019 | F1: 2018 | G1: DELTA 2019-2018 | H1: DELTA% | I1: % on Total | J1: cum % | K1: REDUCTION % | L1: SAVINGS/YEAR | N1: SAVING/MONTH
A2: F2188_BE | B2: RANDSTAD INTERIM /* | C2: CW | D2: INTERIM | E2: 221715.68 | F2: 280304.46 | G2: -58588.78 | H2: -0.20901837 | I2: 0.014149469 | J2: =I2 -> 0.014149469 | K2: 0.05 | L2: =+K2*E2 -> 11085.784 | N2: =+L2/12 -> 923.81533
A3: F1306_BE | B3: ENTRA /* | C3: CW | D3: INTERIM | E3: 174769.12 | F3: 139093.21 | G3: 35675.91 | H3: 0.25648923 | I3: 0.01115343 | J3: =J2+I3 -> 0.025302898 | K3: 0.05 | L3: =+K3*E3 -> 8738.456 | N3: =+L3/12 -> 728.20467
A4: F5838_BE | B4: KONVERT INTERIM WALLONIE SA | C4: CW | D4: INTERIM | E4: 87646.26 | F4: 28267.6 | G4: 59378.66 | H4: 2.1005908 | I4: 0.005593416 | J4: =J3+I4 -> 0.030896314 | K4: 0.05 | L4: =+K4*E4 -> 4382.313 | N4: =+L4/12 -> 365.19275
A5: F5896_BE | B5: SETAM - OFFICE DE REPRS. FISCALE | C5: CW | D5: INTERIM | E5: 62952.52 | G5: 62952.52 | H5: #DIV/0! | I5: 0.0040175089 | J5: =J4+I5 -> 0.034913823 | K5: 0.05 | L5: =+K5*E5 -> 3147.626 | N5: =+L5/12 -> 262.30217
A6: F4815_BE | B6: ACCENT JOBS FOR PEOPLE | C6: CW | D6: INTERIM | E6: 43974.44 | F6: 24673.21 | G6: 19301.23 | H6: 0.78227478 | I6: 0.0028063643 | J6: =J5+I6 -> 0.037720188 | K6: 0.05 | L6: =+K6*E6 -> 2198.722 | N6: =+L6/12 -> 183.22683
A7: F5660_BE | B7: AGO - JOBS & HR | C7: CW | D7: INTERIM | E7: 22991.56 | G7: 22991.56 | H7: #DIV/0! | I7: 0.0014672772 | J7: =J6+I7 -> 0.039187465 | K7: 0.05 | L7: 3147.626 | N7: =+L7/12 -> 262.30217
A8: F4435_BE | B8: COOR SERVICE MANAGEMENT | C8: CW | D8: INTERIM | E8: 20646.64 | F8: 27480.46 | G8: -6833.82 | H8: -0.24867924 | I8: 0.0013176289 | J8: =J7+I8 -> 0.040505094 | K8: 0.05 | L8: =+K8*E8 -> 1032.332 | N8: =+L8/12 -> 86.027667
A9: F1195_BE | B9: UNIQUE INTERIM /* | C9: CW | D9: INTERIM | E9: 11498.03 | F9: 14226.75 | G9: -2728.72 | H9: -0.19180206 | I9: 0.00073378219 | J9: =J8+I9 -> 0.041238876 | K9: 0.05 | L9: =+K9*E9 -> 574.9015 | N9: =+L9/12 -> 47.908458
E10: =SUM(E2:E9) -> 646194.25 | F10: =SUM(F2:F9) -> 514045.69 | I10: =E10/'comp 2019 2018'!$E$2 -> #DIV/0! | L10: =SUM(L2:L9) -> 34307.761 | N10: =SUM(N2:N9) -> 2858.98

Sheet INFORMATIQUE
B1: Référence | C1: Libellé | D1: RESP | F1: 2019 | G1: 2018 | H1: DELTA 2019-2018 | I1: DELTA% | J1: % on Total | K1: cum % | L1: REDUCTION % | M1: SAVINGS
A2: 29 | B2: F2115_BE | C2: BRAINSTORMING /* | D2: JK | E2: INFORMATIQUE | F2: 189463.2 | G2: 183748 | H2: 5715.2 | I2: 0.031103468 | J2: 0.011082527 | K2: 0.011082527 | L2: 0.05 | M2: =+L2*F2 -> 9473.16
A3: 30 | B3: F5809_BE | C3: ECONOCOM LEASE SA | D3: JK | E3: INFORMATIQUE | F3: 129010.29 | G3: 90753.56 | H3: 38256.73 | I3: 0.42154523 | J3: 0.0075463729 | K3: 0.018628899 | L3: 0.05 | M3: =+L3*F3 -> 6450.5145
A4: 31 | B4: F5499_BE | C4: ABSYTECH | D4: JK | E4: INFORMATIQUE | F4: 64765.7 | G4: 49959.2 | H4: 14806.5 | I4: 0.29637184 | J4: 0.0037884274 | K4: 0.022417327 | L4: 0.05 | M4: =+L4*F4 -> 3238.285
A5: 32 | B5: F6604_BE | C5: ECONOCOM PRODUCTS & SOLUTIONS | D5: JK | E5: INFORMATIQUE | F5: 27819.84 | G5: 14143.08 | H5: 13676.76 | I5: 0.9670284 | J5: 0.0016273034 | K5: 0.02404463 | L5: 0.05 | M5: =+L5*F5 -> 1390.992
F7: =SUM(F2:F5) -> 411059.03 | G7: =SUM(G2:G5) -> 338603.84 | H7: =+F7-G7 -> 72455.19 | I7: =+H7/F7 -> 0.17626468 | J7: =+F7/'comp 2019 2018'!E2 -> #DIV/0! | M7: =SUM(M2:M5) -> 20552.952

Sheet ASSURANCE
A1: Référence | B1: Libellé | C1: RESP | E1: 2019 | F1: 2018 | G1: DELTA 2019-2018 | H1: DELTA% | I1: % on Total | J1: cum % | K1: REDUCTION % | L1: SAVINGS
A2: F4764_BE | B2: AMLIN - FORTIS CORP. INSURANCE | C2: BM | D2: ASSURANCE | E2: 43367.73 | F2: 39424.83 | G2: 3942.9 | H2: 0.10001058 | I2: 0.0025367671 | J2: =+I2 -> 0.0025367671 | K2: 0.05 | L2: =+K2*E2 -> 2168.3865
A3: F5010_BE | B3: AG INSURANCE SA | C3: BM | D3: ASSURANCE | E3: 43105.17 | F3: 39098.8 | G3: 4006.37 | H3: 0.10246785 | I3: 0.0025214088 | J3: =+I3 -> 0.0025214088 | K3: 0.05 | L3: =+K3*E3 -> 2155.2585
A4: F5277_BE | B4: MEUWESE & GULBIS SPRL | C4: BM | D4: ASSURANCE | E4: 42800.31 | F4: 51638.2 | G4: -8837.89 | H4: -0.17115023 | I4: 0.0025035763 | J4: =+I4 -> 0.0025035763 | K4: 0.05 | L4: =+K4*E4 -> 2140.0155
A5: F1732_BE | B5: SECUREX VIE "Assurance groupe"/* | C5: BM | D5: ASSURANCE | E5: 12393.79 | F5: 13989.67 | G5: -1595.88 | H5: -0.1140756 | I5: 0.00072496667 | J5: =+I5 -> 0.00072496667 | K5: 0.05 | L5: =+K5*E5 -> 619.6895
A6: F1066_BE | B6: AXA ROYALE BELGE /* | C6: BM | D6: ASSURANCE | E6: 12257.7 | F6: 12567.37 | G6: -309.67 | H6: -0.024640796 | I6: 0.00071700618 | J6: =+I6 -> 0.00071700618 | K6: 0.05 | L6: =+K6*E6 -> 612.885
E8: =+SUM(E2:E6) -> 153924.7 | F8: =+SUM(F2:F6) -> 156718.87 | G8: =+E8-F8 -> -2794.17 | I8: =+E8/'comp 2019 2018'!E2 -> #DIV/0! | L8: =+SUM(L2:L6) -> 7696.235
